 Dungeon Crawl Stone Soup version 0.27.1-33-g824d729ab1 (webtiles) character file.

Game seed: 14450189261762012995

119 belegose the Shield-Bearer (level 5, -3/41 HPs)
             Began as a Djinni Fighter on Dec 10, 2021.
             Killed by divine providence
             ... invoked by an orc priest
              (8 damage)
             ... on level 3 of the Dungeon.
             The game lasted 00:04:28 (2916 turns).

belegose the Shield-Bearer (Djinni Fighter)         Turns: 2916, Time: 00:04:29

Health: -3/41      AC:  9    Str: 15    XL:     5   Next: 24%
Gold:   81         EV:  7    Int: 10    God:
                   SH:  9    Dex: 13

rFire    + + .     SeeInvis .   b - +1 dagger (elec)
rCold    x . .     Faith    .   c - +0 kite shield
rNeg     . . .     Spirit   .   g - +0 scale mail
rPois    ∞         Reflect  .   r - +0 helmet
rElec    .         Harm     .   (no cloak)
rCorr    .         Rampage  .   m - +0 pair of gloves
Will     .....                  (boots unavailable)
Stlth    ..........             (no amulet)
HPRegen  0.13/turn              (no ring)
MPRegen  0.00/turn              (no ring)

@: flying
A: sickness immunity, fire resistance 2, cold vulnerability 1, float, innate
caster, hp casting, extra vitality 1
a: no special abilities


You were on level 3 of the Dungeon.
You visited 1 branch of the dungeon, and saw 3 of its levels.

You collected 81 gold pieces.

Inventory:

Hand Weapons
 a - a +0 long sword
 b - a +1 dagger of electrocution (weapon)
Missiles
 k - 82 stones (quivered)
 p - 4 boomerangs
Armour
 c - a +0 kite shield (worn)
 g - a +0 scale mail (worn)
 m - a +0 pair of gloves (worn)
 r - a +0 helmet (worn)
Wands
 n - a wand of acid (5)
Scrolls
 h - 2 scrolls of teleportation {unknown}
 j - a scroll of noise {unknown}
 l - a scroll of holy word {unknown}
 o - a scroll of magic mapping {unknown}
 q - a scroll of summoning {unknown}
 s - a scroll of enchant weapon {unknown}
 t - a scroll of immolation {unknown}
 u - a scroll of blinking {unknown}
Potions
 d - a potion of might
 e - 3 potions of heal wounds {unknown}
 f - a potion of attraction {unknown}
 i - 2 potions of ambrosia {unknown}


   Skills:
 + Level 3.8 Fighting
 + Level 1.6(2.1) Short Blades
 - Level 1.8(2.1) Long Blades
 + Level 3.7 Armour
 + Level 3.8 Shields


You had one spell level left.
You knew the following spells:

 Your Spells              Type           Power      Damage    Failure   Level
a - Apportation           Tloc           0%         N/A       99%         1
b - Corpse Rot            Necr/Air       N/A        N/A       100%        2
Your spell library was empty.


Dungeon Overview and Level Annotations

Branches:
Dungeon (3/15)

Altars:
Uskayaw


Innate Abilities, Weirdness & Mutations

You are immune to sickness and miasma.
You are immune to poison.
Your flesh is very heat resistant. (rF++)
You are vulnerable to cold. (rC-)
You float through the air rather than walking.
You learn spells naturally, not from books.
Your magical power is your life essence.
You have superior vitality. (+4 HP)


Message History

You hit the orc but do no damage.
You hear a shout!
An orc wizard comes into view. It is wielding a +0 dagger.
You block the orc's attack.
You hit the orc but do no damage. Lightning courses through the orc!
You kill the orc!
You block the orc priest's attack.
Items here: ))) [[ †.
You hit the orc priest but do no damage.
You block the orc priest's attack.
You hit the orc priest but do no damage.
The orc priest hits you with a +0 club.
Your scale mail prevents you from hitting the orc priest.
The orc priest calls down the wrath of Beogh upon you.
Beogh smites you!
You hit the orc priest but do no damage.
The orc priest hits you but does no damage.
You closely miss the orc priest.
The orc priest calls down the wrath of Beogh upon you.
Beogh smites you!
* * * LOW HITPOINT WARNING * * *
You hit the orc priest but do no damage.
The orc priest hits you with a +0 club.
* * * LOW HITPOINT WARNING * * *
You closely miss the orc priest. The orc priest closely misses you.
You hit the orc priest but do no damage.
The orc priest looks braver for a moment.
You block the orc priest's attack.
You barely miss the orc priest. The orc priest hits you with a +0 club.
* * * LOW HITPOINT WARNING * * *
You hit the orc priest but do no damage.
Lightning courses through the orc priest!
The orc priest is severely wounded.
The orc priest hits you with a +0 club.
* * * LOW HITPOINT WARNING * * *
You hit the orc priest but do no damage.
The orc priest is severely wounded.
The orc priest invokes the aid of Beogh against you.
Beogh smites you!
You die...

##### #.######.#
#... #.######.#
##.## #.........
#.... #.######.#
#..## #.# #.# #.
#.######.##.##..
#.......<.......
#.#####..##.##..
#@# #..# #o#
#..# #o# #...
#.# #.## #.. ..
### #.


You could see an orc priest and an orc wizard.

Vanquished Creatures
  3 adders
  A worm (D:2)
  4 orcs (D:3)
  7 endoplasms
  6 giant cockroaches
  7 goblins
  8 hobgoblins
  8 kobolds
  3 quokkas
  15 ball pythons
  8 bats
  5 frilled lizards
  2 rats
77 creatures vanquished.

Notes
Turn   | Place    | Note
-------+----------+-------------------------------------------
     0 | D:1      | belegose the Djinni Fighter began the quest for the Orb.
     0 | D:1      | Reached XP level 1. HP: 20/20 MP: 0/0
   326 | D:1      | Reached XP level 2. HP: 22/25 MP: 0/0
   781 | D:1      | Reached XP level 3. HP: 29/30 MP: 0/0
   781 | D:1      | Learned a level 1 spell: Apportation
  1269 | D:1      | Reached skill level 1 in Short Blades
  1649 | D:2      | Reached XP level 4. HP: 33/35 MP: 0/0
  2060 | D:2      | Found a faded altar of an unknown god.
  2438 | D:3      | Reached XP level 5. HP: 41/41 MP: 0/0
  2438 | D:3      | Learned a level 2 spell: Corpse Rot
  2574 | D:3      | Found a hide-covered altar of Uskayaw.
  2916 | D:3      | Killed from afar by an orc priest

Illustrated notes

Levels and vault maps discovered:
D:1:      wander_arrival_desolate, layout_loops_corners, minmay_misc_feat_room
D:2:      layout_basic, hellmonk_ecumenical_altar_pennies_from_heaven,
          hex_medium
D:3:      layout_loops_ring, nicolae_uskayaw_dance_hall

Skill      XL: |  1  2  3 |
---------------+----------+-----
Short Blades   | 1 |  1.6
Fighting       | |  3.8
Long Blades    | |  1.8
Armour         | |  3.7
Shields        | |  3.8

Action                   |  1- 3 |  4- 6 || total
-------------------------+-------+-------++-------
Melee: Dagger            |   136 |   130 ||   266
       Long sword        |     6 |       ||     6
Armor: Scale mail        |    63 |    48 ||   111
Dodge: Dodged            |    41 |    31 ||    72
Block: Kite shield       |    57 |    48 ||   105
       Rpst.: Long sword |     1 |       ||     1
